 Dungeon Crawl Stone Soup version 0.17-a0-1176-g3d5a0d0 (webtiles) character file.

103729 Gorice the Spry (level 16, -1/101 HPs)
             Began as a Kobold Wanderer on May 30, 2015.
             Was the Champion of Okawaru.
             Shot with a bolt by Vashnia (11 damage)
             ... on level 2 of the Snake Pit.
             The game lasted 03:38:56 (34309 turns).

Gorice the Spry (Kobold Wanderer)                  Turns: 34309, Time: 03:38:56

Health: -1/101     AC: 22    Str: 20    XL:     16   Next: 90%
Magic:  0/23       EV: 24    Int: 18    God:    Okawaru [******]
Gold:   2665       SH: 10    Dex: 14    Spells: 5 memorised, 18 levels left

rFire  . . .     SeeInvis .     v - +8 long sword of Eternal Vigilance {venom, rPois MR- Int+2}
rCold  . . .     Clarity  .     Q - +4 scale mail of Benevolence {Regen+}
rNeg   + . .     SustAt   .     w - +2 buckler of the Devil {rElec Str+7 Dex-2}
rPois  +         Gourm    .     s - +2 helmet
rElec  +         Spirit   +     c - +2 cloak
rCorr  .         Warding  .     I - +0 pair of gloves
rMut   .         Stasis   .     y - +0 pair of boots {Stlth+}
MR     .....                    J - amulet of guardian spirit
Stlth  +++++.....               h - ring of positive energy
                                S - +2 ring of dexterity

@: heroism, finesse, not resistant to hostile enchantments, quite stealthy
A: carnivore 3
a: Heroism, Finesse, Renounce Religion


You were on level 2 of the Snake Pit.
You worshipped Okawaru.
Okawaru was exalted by your worship.
You were very full.

You visited 5 branches of the dungeon, and saw 30 of its levels.
You also visited: Sewer.

You collected 2891 gold pieces.
You spent 226 gold pieces at shops.

Inventory:

Hand weapons
 a - a +4 scimitar of flaming
   (You took it off Erica on level 1 of the Lair of Beasts)
 b - a +2 hunting sling of velocity
   (You found it on level 8 of the Lair of Beasts)
 d - a +2 dagger of protection
   (You took it off an orc wizard on level 6 of the Dungeon)
 r - a +4 lajatang of distortion
   (You took it off Agnes on level 1 of the Snake Pit)
 v - the +8 long sword of Eternal Vigilance (weapon) {venom, rPois MR- Int+2}
   (You found it on level 4 of the Dungeon)

   It poisons the flesh of those it strikes.
   It affects your intelligence (+2).
   It protects you from poison.
   It affects your resistance to hostile enchantments.
 B - a +0 blowgun
Missiles
 f - 83 poisoned needles
 l - 81 sling bullets
 p - 3 curare-tipped needles
 H - 16 sling bullets of frost
 Y - 2 throwing nets (quivered)
Armour
 c - a +2 cloak (worn)
 n - a +2 shield of protection
   (Okawaru gifted it to you on level 15 of the Dungeon)
 s - a +2 helmet (worn)
 w - the +2 buckler of the Devil (worn) {rElec Str+7 Dex-2}
   (Okawaru gifted it to you on level 3 of the Lair of Beasts)

   It affects your strength (+7).
   It affects your dexterity (-2).
   It insulates you from electricity.
 y - a +0 pair of boots of stealth (worn)
   (Okawaru gifted it to you on level 6 of the Lair of Beasts)
 I - a +0 pair of gloves (worn)
 Q - the +4 scale mail of Benevolence (worn) {Regen+}
   (You found it on level 6 of the Dungeon)

   It increases your rate of regeneration.
Jewellery
 h - a ring of positive energy (right hand)
 j - an uncursed ring of protection from cold
 J - an amulet of guardian spirit (around neck)
 L - an uncursed ring of protection from cold
 S - a +2 ring of dexterity (left hand)
 X - an uncursed ring of fire
Magical devices
 k - a wand of enslavement (11)
 x - a wand of fire (1)
 M - a wand of paralysis (16)
 O - a wand of digging (10)
 P - a wand of disintegration (12)
Scrolls
 e - 5 scrolls of identify
 i - 14 scrolls of teleportation {!r}
 q - a scroll of amnesia
 A - 7 scrolls of remove curse
 F - 3 scrolls of fog
 N - a scroll of recharging
Potions
 m - 5 potions of heal wounds {!q}
 u - a potion of agility {!q}
 z - a potion of resistance {!q}
 C - 7 potions of curing
 E - 3 potions of might {!q}
 K - 2 potions of haste {!q}
Books
 t - a book of Alchemy
Miscellaneous
 G - a lantern of shadows
 T - a stone of tremors
Comestibles
 g - a beef jerky
 D - 19 meat rations {!e}


   Skills:
 - Level 12.1(17.1) Fighting
 - Level 8.5(20.3) Short Blades
 - Level 13.6(19.0) Long Blades
   Level 2.0(7.0) Maces & Flails
 + Level 4.8(9.8) Armour
 - Level 15.0(20.0) Dodging
 - Level 6.3(11.3) Stealth
 - Level 7.0(12.0) Shields
 + Level 5.1 Spellcasting
   Level 2.0 Hexes
 - Level 1.5 Charms
 + Level 4.5 Translocations
 - Level 2.8 Air Magic
 - Level 8.2 Invocations
 - Level 1.2 Evocations


You had 18 spell levels left.
You knew the following spells:

 Your Spells              Type           Power        Failure   Level  Hunger
a - Flame Tongue          Conj/Fire      #....        34%         1    None
A - Apportation           Tloc           ###.......   6%          1    None
B - Summon Butterflies    Summ           #.......     34%         1    None
J - Blink                 Tloc           N/A          10%         2    #......
M - Repel Missiles        Chrm/Air       ##....       24%         2    #......


Dungeon Overview and Level Annotations

Branches:
Dungeon (15/15)            Temple (1/1) D:4            Lair (8/8) D:10
 Shoals (0/4) Lair:4        Snake (2/4) Lair:3        Slime (0/6) Lair:8
    Orc (4/4) D:12            Elf (0/3) Orc:4        Vaults (0/5) D:14
 Depths (0/5) D:15

Altars:
Ashenzari
Cheibriados
Dithmenos
Elyvilon
Fedhas
Gozag
Kikubaaqudgha
Makhleb
Nemelex Xobeh
Okawaru
Qazlal
Ru
Sif Muna
Trog
Vehumet
Xom
Yredelemnul
Zin
The Shining One
Beogh
Jiyva

Shops:
D:5 *   D:7 (   Orc:1 (   Orc:3 !   Orc:4 :[*(

Annotations:
D:9 vpUX: OkSap
Lair:1 exclusion: 2 oklob plants
Snake:2 Vashnia


Innate Abilities, Weirdness & Mutations

You are small and have problems with some larger weapons.
You are carnivorous and can eat meat at any time.


Message History

Vashnia is moderately wounded.
You hit Vashnia but do no damage.
Vashnia is moderately wounded.
Vashnia shoots a bolt.
You block the bolt.
Vashnia's shroud bends your attack away.
You slash Vashnia!
Vashnia's shroud falls apart!
Vashnia looks even sicker.
Vashnia is moderately wounded.
You closely miss Vashnia.
Vashnia is moderately wounded.
A naga sharpshooter comes into view. It is wielding a mace.
You miss Vashnia.
Vashnia is moderately wounded.
Vashnia spits poison at you. The splash of poison misses you.
Vashnia momentarily phases out as your attack passes through her.
Vashnia is moderately wounded.
You slash Vashnia!
Vashnia is heavily wounded.
You hit Vashnia but do no damage.
Vashnia is heavily wounded.
Vashnia shoots a bolt.
You block the bolt.
The naga sharpshooter moves out of view.
You hit Vashnia.
Vashnia is heavily wounded.
You hit Vashnia but do no damage.
Vashnia is heavily wounded.
You slash Vashnia!
Vashnia is heavily wounded.
You slash Vashnia!
Vashnia is severely wounded.
Vashnia shoots a bolt.
The bolt hits you! The bolt freezes you.
Damage: 11 (max 31)
You slice Vashnia!!
Vashnia is severely wounded.
You slash Vashnia!
Vashnia is almost dead.
Vashnia momentarily phases out as your attack passes through her.
Vashnia is almost dead.
The naga sharpshooter unwields an uncursed mace.
The naga sharpshooter wields an arbalest.
The naga sharpshooter casts a spell.
The naga sharpshooter magically shoots a bolt of frost.
The bolt of frost hits you!! The bolt of frost freezes you!
Damage: 24 (max 31)
You slash Vashnia!
Vashnia is almost dead.
Vashnia shoots a bolt.
The bolt hits you!!
* * * LOW HITPOINT WARNING * * *
The bolt freezes you!
You die...

#####################
...............†....#.#
.##################.#.# ..# .#
#.#.# ..# .# #.#.# ...#
.##################.#.# ...#
.#..........†)......#.# ....#
.#.##################.####....##
...............)@(.....)........
>..............N########.######
.##########.#.[N....####.###
........#.#(#.##.##.##.....#
.(....#.#.#(#.....#.##.#S#.#
##....#.#.#).........#.....N.NNNS
......)...#.....#.#..#...#.######
##.[..#.#.#...#...#.......<.
#####.#.#.#...###.#.#N.....#


You could see Vashnia and a naga sharpshooter.

Vanquished Creatures
  Agnes (Snake:1)
  An orc warlord (Orc:3)
  Maud (D:14)
  Harold (Orc:1)
  2 naga warriors (Snake:1)
  5 hydras
  Erolcha (Orc:3)
  A centaur warrior (D:15)
  Erica (Lair:1)
  A catoblepas (Lair:7)
  2 dancing weapons
  4 tengu warriors
  An ogre mage (D:15)
  2 anacondas
  Urug (Orc:3)
  3 naga sharpshooters
  2 orc high priests (Orc:4)
  A deep elf knight (D:15)
  5 sea snakes (Snake:1)
  3 orc knights (Orc:3)
  8 hill giants
  3 mana vipers
  6 orc sorcerers
  4 ugly things
  3 cyclopes
  A manticore (D:14)
  3 griffons
  2 centaur zombies
  10 elephants (Lair:4)
  2 salamanders (Snake:2)
  Maurice (Orc:1)
  16 black mambas
  A siren (Lair:4)
  A guardian serpent (Snake:1)
  9 naga magi (Snake:1)
  A torpor snail (Lair:5)
  3 kobold demonologists
  4 komodo dragons
  9 spiny frogs
  3 fire drakes
  2 spriggan druids (Lair:8)
  4 wandering mushrooms (D:9)
  A merfolk (Lair:4)
  A tengu conjurer (D:14)
  A queen bee (D:15)
  8 polar bears
  3 trolls
  4 two-headed ogres
  4 blink frogs (Lair:8)
  7 ravens
  2 deep elf magi
  12 redbacks
  Sigmund (D:2)
  9 spriggans (Lair:8)
  4 basilisks
  2 wraiths
  17 hippogriffs
  A trapdoor spider (D:15)
  2 hungry ghosts
  A wyvern (Lair:5)
  46 yaks
  4 vampire mosquitoes (D:15)
  A steam dragon (D:9)
  2 deep elf fighters
  A hippogriff (shapeshifter) (D:14)
  3 wargs
  8 swamp worms (Lair:3)
  11 water moccasins
  22 nagas
  13 porcupines
  4 sky beasts
  29 wolves
  31 orc warriors
  3 phantoms
  An ice beast (D:10)
  13 crocodiles
  9 black bears
  An eye of draining (shapeshifter) (D:13)
  A necrophage (D:11)
  6 centaurs
  An eye of draining (D:14)
  6 ogres
  3 wasps
  6 big kobolds
  A brain worm (Lair:3)
  29 giant frogs
  A wyvern zombie (D:13)
  3 scorpions
  A water moccasin skeleton (D:6)
  9 wights
  2 oklob saplings (D:9)
  27 killer bees
  6 electric eels
  7 crimson imps
  A quasit (D:7)
  4 jellies
  A wasp zombie (D:14)
  A giant frog zombie (D:12)
  4 hounds
  32 orc wizards
  21 orc priests
  4 centaur skeletons
  11 iguanas
  3 worker ants
  11 sheep
  A hound skeleton (D:10)
  A worker ant zombie (D:8)
  7 adders
  8 gnolls
  43 river rats
  4 shadow imps
  5 oozes
  3 adder skeletons
  11 worms
  13 giant geckos
  187 orcs
  A bat skeleton (D:5)
  A bat zombie (D:8)
  6 giant cockroaches
  26 hobgoblins
  8 jackals
  3 quokkas
  4 ball pythons
  30 bats
  10 giant newts
  23 goblins
  A jackal skeleton (D:6)
  27 kobolds
  A quokka skeleton (D:4)
  32 rats
  4 fungi
  3 plants
1082 creatures vanquished.

Vanquished Creatures (others)
  An orc (Orc:3)
  12 fungi
  16 plants
29 creatures vanquished.

Grand Total: 1111 creatures vanquished

Notes
Turn   | Place    | Note
--------------------------------------------------------------
     0 | D:1      | Gorice the Kobold Wanderer began the quest for the Orb.
     0 | D:1      | Gorice set off with: a +2 dagger, a potion of berserk rage, Mepraxank's Collected Works on Flames, a +0 mace, a +0 robe, a meat ration {!e}
     0 | D:1      | Reached XP level 1. HP: 10/10 MP: 2/2
     0 | D:1      | Identified Mepraxank's Collected Works on Flames
    59 | D:1      | Reached skill level 1 in Short Blades
   236 | D:1      | Reached XP level 2. HP: 12/15 MP: 3/3
   261 | D:1      | Reached skill level 2 in Stealth
   361 | D:1      | Reached skill level 2 in Short Blades
   647 | D:1      | Reached XP level 3. HP: 19/19 MP: 4/4
   709 | D:1      | Reached skill level 3 in Short Blades
  1260 | D:1      | Reached XP level 4. HP: 13/24 MP: 5/5
  1375 | D:1      | Reached skill level 4 in Short Blades
  1486 | D:2      | Noticed Sigmund
  1525 | D:2      | HP: 3/24 [Sigmund/puff of flame (12)]
  1527 | D:2      | Killed Sigmund
  1527 | D:2      | Reached skill level 6 in Short Blades
  1527 | D:2      | Reached skill level 4 in Stealth
  1527 | D:2      | Reached XP level 5. HP: 4/28 MP: 6/6
  1527 | D:2      | Reached XP level 6. HP: 4/32 MP: 7/7
  1575 | D:1      | Learned a level 1 spell: Flame Tongue
  1979 | D:2      | Found a glowing silver altar of Zin.
  2255 | D:2      | Noticed a fire elemental
  2257 | D:2      | Found a stormy altar of Qazlal.
  2259 | D:2      | Noticed a water elemental
  2259 | D:2      | Noticed an earth elemental
  2259 | D:2      | Noticed an air elemental
  2964 | D:3      | Found a glowing drain.
  2993 | Sewer    | Entered a sewer
  3095 | Sewer    | HP: 5/32 [big kobold (5)]
  3100 | Sewer    | Reached skill level 5 in Stealth
  3442 | Sewer    | Reached skill level 7 in Short Blades
  3455 | Sewer    | Reached XP level 7. HP: 36/36 MP: 8/8
  3617 | Sewer    | Got a fine dagger
  3618 | Sewer    | Identified the cursed +2 dagger of Painful Death {pierce, *Drain rF+ Str-3 Dex+10} (You found it in a sewer)
  3722 | Sewer    | Reached skill level 8 in Short Blades
  3722 | Sewer    | Reached skill level 6 in Stealth
  4126 | D:2      | HP: 10/36 [gnoll (5)]
  4131 | D:2      | HP: 4/36 [gnoll (6)]
  4148 | D:2      | HP: 1/36 [gnoll (5)]
  4517 | D:2      | HP: 6/36 [gnoll/club (7)]
  4526 | D:2      | HP: 10/37 [gnoll/club (7)]
  4531 | D:2      | HP: 5/37 [gnoll/club (5)]
  4534 | D:2      | Reached skill level 1 in Dodging
  5041 | D:4      | Found a staircase to the Ecumenical Temple.
  5117 | Temple   | Entered the Ecumenical Temple
  5395 | Temple   | Gained mutation: You are agile. (Dex +2) [potion of beneficial mutation]
  5434 | D:4      | Reached skill level 1 in Fighting
  5434 | D:4      | Reached XP level 8. HP: 31/43 MP: 9/9
  5438 | D:4      | Got a warped long sword
  5439 | D:4      | Identified the +8 long sword of Eternal Vigilance {venom, rPois MR- Int+2} (You found it on level 4 of the Dungeon)
  5530 | D:4      | Reached skill level 2 in Dodging
  5800 | D:4      | Found an ancient bone altar of Kikubaaqudgha.
  5944 | D:4      | Reached skill level 1 in Long Blades
  5960 | D:5      | Entered Level 5 of the Dungeon
  6013 | D:5      | Reached skill level 3 in Dodging
  6102 | D:5      | Gained mutation: You can spit weak poison. [potion of beneficial mutation]
  6432 | D:5      | Reached skill level 2 in Long Blades
  6658 | D:5      | Reached skill level 4 in Dodging
  6681 | D:5      | Found Pamang's Assorted Antiques.
  6686 | D:5      | Bought a viscous golden potion for 21 gold pieces
  6686 | D:5      | Bought a tubular peridot ring for 120 gold pieces
  6824 | D:6      | Found a white marble altar of Elyvilon.
  6825 | D:6      | Found a radiant altar of Vehumet.
  6975 | D:6      | Reached skill level 3 in Long Blades
  6981 | D:6      | Reached skill level 5 in Dodging
  7096 | D:6      | Reached XP level 9. HP: 40/47 MP: 8/10
  7112 | D:6      | Reached skill level 4 in Long Blades
  7112 | D:6      | Reached skill level 6 in Dodging
  7144 | D:6      | Got a brightly glowing scale mail
  7171 | D:6      | Identified the +4 scale mail of Benevolence {Regen+} (You found it on level 6 of the Dungeon)
  7342 | D:6      | Reached skill level 2 in Fighting
  7576 | D:6      | Found a basalt altar of Yredelemnul.
  7658 | D:6      | Reached skill level 5 in Long Blades
  7793 | D:6      | Reached skill level 3 in Fighting
  8092 | D:7      | Found Tuch's Weapon Shoppe.
  8209 | D:7      | Found a snail-covered altar of Cheibriados.
  8209 | D:7      | Found a bloodstained altar of Trog.
  8234 | D:7      | Reached skill level 4 in Fighting
  8357 | D:8      | Got an ancient short sword
  8358 | D:8      | Identified the cursed +1 short sword of Loymakla {elec, Str+2 SInv} (You found it on level 8 of the Dungeon)
  8400 | D:8      | Reached skill level 6 in Long Blades
  8444 | D:8      | Found a staircase to the Lair.
  8599 | D:8      | Got a transparent quarterstaff
  8600 | D:8      | Identified the +9 quarterstaff "Zoteaf" {holy, rC+ MR+} (You found it on level 8 of the Dungeon)
  9012 | D:8      | Reached XP level 10. HP: 54/58 MP: 8/11
  9360 | D:6      | Reached skill level 5 in Fighting
  9476 | Temple   | Became a worshipper of Warmaster Okawaru
  9655 | D:9      | Reached skill level 7 in Long Blades
  9906 | D:9      | Acquired Okawaru's first power
 10397 | D:9      | Reached skill level 6 in Fighting
 10408 | D:9      | Found a blossoming altar of Fedhas.
 10762 | D:9      | Reached skill level 8 in Long Blades
 10925 | D:10     | Entered Level 10 of the Dungeon
 10925 | D:10     | Noticed a hill giant
 11010 | D:9      | HP: 14/61 [acid (9)]
 11489 | D:10     | Reached skill level 7 in Fighting
 11574 | D:9      | Reached XP level 11. HP: 42/67 MP: 8/12
 11719 | D:10     | Reached skill level 9 in Long Blades
 12007 | D:10     | Killed a hill giant
 12007 | D:10     | Reached skill level 8 in Fighting
 12414 | D:10     | Found a staircase to the Lair.
 12568 | Lair:1   | Entered Level 1 of the Lair of Beasts
 12580 | Lair:1   | HP: 16/68 [komodo dragon (18)]
 12706 | Lair:1   | Noticed an oklob plant
 12878 | Lair:1   | Reached skill level 10 in Long Blades
 13063 | Lair:1   | Noticed a four-headed hydra
 13134 | Lair:1   | Killed a four-headed hydra
 13134 | Lair:1   | Reached skill level 9 in Fighting
 13209 | Lair:1   | Noticed an oklob plant
 13246 | Lair:1   | Noticed Erica
 13260 | Lair:1   | Killed Erica
 13494 | Lair:2   | Reached XP level 12. HP: 53/76 MP: 10/13
 13697 | Lair:2   | Got a heavily runed ring mail
 13864 | Lair:2   | Reached skill level 11 in Long Blades
 14196 | Lair:2   | Reached skill level 10 in Fighting
 14570 | Lair:2   | Identified the +3 ring mail of the Mutiny {*Drain Slay+6 Stlth+} (You found it on level 2 of the Lair of Beasts)
 14582 | Lair:3   | Found a staircase to the Snake Pit.
 14758 | Lair:2   | Acquired Okawaru's second power
 15008 | Lair:3   | Received a gift from Okawaru
 15009 | Lair:3   | Got a dazzling buckler {god gift}
 15015 | Lair:3   | Identified the +2 buckler of the Devil {rElec Str+7 Dex-2} (Okawaru gifted it to you on level 3 of the Lair of Beasts)
 15241 | Lair:3   | Reached skill level 12 in Long Blades
 15831 | Lair:4   | Found a staircase to the Shoals.
 16226 | Lair:4   | Reached skill level 11 in Fighting
 16261 | Lair:4   | Reached XP level 13. HP: 79/84 MP: 12/14
 16767 | Lair:4   | Reached skill level 13 in Long Blades
 16806 | Lair:4   | Received a gift from Okawaru
 17736 | Lair:5   | Reached skill level 12 in Fighting
 18538 | Lair:5   | Reached skill level 1 in Invocations
 18950 | Lair:6   | Received a gift from Okawaru
 19063 | Lair:6   | Reached skill level 2 in Invocations
 19495 | Lair:6   | Reached skill level 7 in Dodging
 19578 | Lair:6   | Reached skill level 3 in Invocations
 20179 | Lair:7   | Reached skill level 4 in Invocations
 20218 | Lair:7   | Reached XP level 14. HP: 79/92 MP: 14/17
 20303 | Lair:7   | Reached skill level 8 in Dodging
 20432 | Lair:7   | Reached skill level 5 in Invocations
 21189 | Lair:8   | Entered Level 8 of the Lair of Beasts
 21197 | Lair:8   | Reached skill level 9 in Dodging
 21283 | Lair:7   | Reached skill level 6 in Invocations
 21670 | Lair:8   | Reached skill level 10 in Dodging
 21670 | Lair:8   | Reached skill level 7 in Invocations
 21756 | Lair:8   | Received a gift from Okawaru
 22113 | Lair:8   | Reached skill level 8 in Invocations
 22171 | Lair:8   | Reached skill level 11 in Dodging
 22269 | Lair:8   | Reached skill level 1 in Shields
 22604 | Lair:8   | Found a runed door.
 22607 | Lair:8   | Found a viscous altar of Jiyva.
 22609 | Lair:8   | Found a staircase to the Slime Pits.
 22745 | Lair:8   | Reached skill level 2 in Shields
 23900 | D:11     | Reached XP level 15. HP: 96/96 MP: 21/21
 24519 | D:12     | Received a gift from Okawaru
 24519 | D:12     | Reached skill level 3 in Shields
 24681 | D:12     | Reached skill level 12 in Dodging
 24707 | D:12     | Found a roughly hewn altar of Beogh.
 24707 | D:12     | Found a staircase to the Orcish Mines.
 25373 | Lair:1   | Learned a level 2 spell: Repel Missiles
 25376 | Lair:1   | Learned a level 2 spell: Blink
 25378 | Lair:1   | Learned a level 1 spell: Apportation
 25474 | Orc:1    | Entered Level 1 of the Orcish Mines
 25480 | Orc:1    | Noticed Maurice
 25495 | Orc:1    | Killed Maurice
 25653 | Orc:1    | Found Qetaladoo's Antique Weapon Emporium.
 26041 | Orc:2    | Reached skill level 4 in Shields
 26518 | Orc:1    | Noticed Harold
 26538 | Orc:1    | Killed Harold
 26583 | Orc:3    | Noticed Erolcha
 26609 | Orc:3    | Killed Erolcha
 26733 | Orc:3    | Found a roughly hewn altar of Beogh.
 26950 | Orc:3    | Found Ychirhy's Distillery.
 26956 | Orc:3    | Noticed Urug
 26991 | Orc:3    | Killed Urug
 27077 | Orc:3    | Bought a potion of heal wounds for 85 gold pieces
 27411 | Orc:4    | Entered Level 4 of the Orcish Mines
 27414 | Orc:4    | Found Utay's General Store.
 27414 | Orc:4    | Noticed an orc warlord
 27494 | Orc:3    | Killed an orc warlord
 27494 | Orc:3    | Reached skill level 13 in Dodging
 27505 | Orc:3    | Reached skill level 5 in Shields
 27660 | Orc:3    | HP: 26/96 [orc knight/broad axe (17)]
 27676 | Orc:3    | Received a gift from Okawaru
 27795 | Orc:3    | HP: 28/96 [orc knight/war axe (7)]
 28145 | Orc:4    | Found Dajiurem's Antique Armour Boutique.
 28236 | Orc:4    | Paralysed by an orc sorcerer for 4 turns
 28274 | Orc:4    | Paralysed by an orc sorcerer for 3 turns
 28523 | Orc:4    | Found Jeora's Antique Weapon Shoppe.
 28706 | Orc:4    | Found Luintuh's Book Emporium.
 28723 | Orc:4    | Reached skill level 6 in Shields
 28754 | Orc:4    | Found a staircase to the Elven Halls.
 29047 | D:10     | Noticed a hill giant
 29057 | D:10     | Killed a hill giant
 29301 | D:13     | Received a gift from Okawaru
 29358 | D:13     | Gained mutation: Your magical capacity is low (-10% MP). [mutagenic glow]
 29393 | D:13     | Gained mutation: Armour fits poorly on your strangely shaped body. [mutagenic glow]
 29394 | D:13     | Lost mutation: You can spit weak poison. [potion of cure mutation]
 29394 | D:13     | Lost mutation: Armour fits poorly on your strangely shaped body. [potion of cure mutation]
 29394 | D:13     | Lost mutation: You are agile. (Dex +2) [potion of cure mutation]
 29395 | D:13     | Lost mutation: Your magical capacity is low (-10% MP). [potion of cure mutation]
 29492 | D:13     | Reached skill level 14 in Dodging
 30400 | D:14     | Found a gate to the Vaults.
 30688 | D:14     | Noticed Maud
 30731 | D:14     | Killed Maud
 30731 | D:14     | Reached skill level 7 in Shields
 30826 | D:14     | Reached XP level 16. HP: 97/101 MP: 22/22
 31142 | Lair:1   | Learned a level 1 spell: Summon Butterflies
 31209 | D:15     | Entered Level 15 of the Dungeon
 31223 | D:15     | Found a staircase to the Depths.
 31420 | D:15     | Reached skill level 15 in Dodging
 31487 | D:15     | Reached skill level 1 in Air Magic
 31650 | D:15     | Found a burning altar of Makhleb.
 31798 | D:15     | Reached skill level 2 in Spellcasting
 31839 | D:15     | Received a gift from Okawaru
 31908 | D:14     | Reached skill level 2 in Armour
 31928 | D:14     | Reached skill level 2 in Air Magic
 32335 | Snake:1  | Entered Level 1 of the Snake Pit
 32579 | Snake:1  | Reached skill level 3 in Spellcasting
 32634 | Snake:1  | Noticed Agnes
 32650 | Snake:1  | Killed Agnes
 32650 | Snake:1  | Reached skill level 3 in Armour
 32650 | Snake:1  | Reached skill level 1 in Translocations
 32704 | Snake:1  | Reached skill level 2 in Translocations
 32913 | Snake:1  | Reached skill level 4 in Spellcasting
 32993 | Snake:1  | Reached skill level 3 in Translocations
 33263 | Snake:1  | Reached skill level 4 in Armour
 33528 | Snake:1  | HP: 30/101 [sea snake (11)]
 33533 | Snake:1  | HP: 30/101 [poisoned by a sea snake]
 33538 | Snake:1  | HP: 30/101 [poisoned by a sea snake]
 33686 | Snake:1  | Reached skill level 4 in Translocations
 34161 | Snake:2  | Reached skill level 5 in Spellcasting
 34272 | Snake:2  | Noticed Vashnia
 34309 | Snake:2  | HP: 10/101 [Vashnia/bolt (22)]
 34309 | Snake:2  | Shot with a bolt by Vashnia

Vault maps used:
D:1:      dpeg_arrival_houses_and_road, serial_forest, infiniplex_forest_end_1,
          infiniplex_forest_lined_room_3, infiniplex_forest_lined_3_way,
          infiniplex_forest_lined_2, infiniplex_forest_straight_3,
          infiniplex_forest_zigzag_1, infiniplex_forest_lined_3,
          minmay_misc_feat_pillars, minmay_lizard_king
D:2:      lemuel_round_altar, nrook_mini_vaults,
          nicolae_qazlal_style_of_elements, uniq_sigmund
D:3:      first_bread, portal_sewer_entry_f
D:4:      lemuel_coloured_pillars_altar, minmay_temple_entry_glass
D:5:      serial_shops, shop, minivault_19
D:6:      gammafunk_temple_overflow_forgotten
D:7:      gammafunk_temple_overflow_wave, serial_glass, glass_columns_b,
          glass_columns_c, glass_columns_c, glass_columns_b, glass_columns_c,
          glass_columns_b, glass_columns_a, glass_columns_c, glass_columns_c,
          glass_columns_c, glass_columns_b, glass_columns_a, glass_columns_a,
          glass_columns_b, serial_shops, nicolae_shop_trees
D:8:      due_lair_maze_entry_diamond
D:9:      hangedman_tree_tricks
D:10:     grunt_lair_entry_elf_guard_hut, serial_column_ruins,
          column_ruins_grid_4, column_ruins_grid_1,
          column_ruins_columns_straight
D:12:     david_orc_5
D:14:     erik_vaults_1, hangedman_abyss_or_decor_stagger, uniq_maud
D:15:     hangedman_depths_entry_civil_slaughter, special_room, basic_altar
Temple:   triangle_lava_temple_12
Lair:1:   disabler_island, uniq_erica
Lair:2:   serial_bayou_pond_d
Lair:3:   guppyfry_snake_entry_island, worms_lemuel,
          infiniplex_staircase_pool_2, grunt_megastairs_3, lemuel_fruit_tree
Lair:4:   elwin_shoals_entry_rooms, serial_bayou_shore_b
Lair:6:   gammafunk_lair_bear_cave
Lair:8:   minmay_lair_end_enchanted_forest, slime_altar_2, lookout_lair_type,
          st_stairs_5
Snake:1:  serial_bayou_lake_a, uniq_agnes
Snake:2:  special_room, uniq_vashnia, uniq_nikola
Orc:1:    serial_shops, shop, uniq_harold, uniq_maurice
Orc:3:    nicolae_orc_accident_2, serial_shops, shop, nicolae_orc_pool_cavern,
          uniq_urug, uniq_erolcha
Orc:4:    grunt_orc_gardens, grunt_orc_garden, grunt_orc_garden,
          grunt_orc_garden, grunt_orc_garden
Sewer:    kennysheep_pipe_town

Action                   |  1- 3 |  4- 6 |  7- 9 | 10-12 | 13-15 | 16-18 || total
-------------------------+-------+-------+-------+-------+-------+-------++-------
Melee: Mace              |    13 |       |       |       |       |       ||    13
       Dagger            |    79 |   236 |   205 |     9 |       |       ||   529
       Long sword        |       |       |   260 |   657 |  1058 |   520 ||  2495
       Scimitar          |       |       |       |       |   729 |   172 ||   901
       Double sword      |       |       |       |       |     3 |       ||     3
 Fire: Hunting sling     |    35 |    26 |    13 |    56 |    36 |    11 ||   177
       Blowgun           |       |    21 |    63 |    37 |    44 |    16 ||   181
Throw: Stone             |     2 |       |     3 |     1 |       |       ||     6
       Tomahawk          |       |       |       |     5 |     3 |       ||     8
       Throwing net      |       |       |       |     1 |       |       ||     1
 Cast: Repel Missiles    |       |       |       |       |       |     5 ||     5
Invok: Heroism           |       |       |       |     7 |     8 |     3 ||    18
       Finesse           |       |       |       |       |       |     1 ||     1
Evoke: Wand              |       |       |       |     5 |       |       ||     5
  Use: Scroll            |       |     8 |    13 |     6 |     8 |       ||    35
       Potion            |       |     1 |     5 |     2 |     4 |     1 ||    13
 Stab: Sleeping          |       |     1 |    32 |    33 |    30 |     7 ||   103
       Distracted        |       |       |     1 |     2 |    10 |     2 ||    15
  Eat: Chunk             |     9 |     8 |    18 |    24 |    54 |    10 ||   123

Table legend:
 A = Turns spent in this place as a percentage of turns spent in the entire game.
 B = Non-inter-level travel turns spent in this place as a percentage of non-inter-level travel turns spent in the entire game.
 C = Inter-level travel turns spent in this place as a percentage of turns spent in this place.
 D = Turns resting spent in this place as a percentage of non-inter-level travel turns spent in this place.
 E = Turns spent auto-exploring this place as a percentage of non-inter-level travel turns spent in this place.
 F = Non-inter-level travel turns spent in this place divided by the number of levels of this place that you've seen.
                   A       B       C       D       E      F
               +-------+-------+-------+-------+-------+----------------------
         Total | 100.0 | 100.0 |   0.6 |   1.5 |   3.7 | 505.4
       Dungeon |  46.5 |  46.5 |   0.7 |   1.2 |   4.2 | 485.5
        Temple |   0.5 |   0.5 |   1.4 |   0.0 |  11.0 |  73.0
          Lair |  30.9 |  30.9 |   0.6 |   1.0 |   3.5 | 604.5
     Snake Pit |   6.8 |   6.8 |   0.1 |   6.8 |   3.9 | 534.5
  Orcish Mines |  12.1 |  12.1 |   0.6 |   1.3 |   2.6 | 472.8
         Sewer |   3.3 |   3.3 |   0.0 |   1.4 |   0.2 | 515.0
               +-------+-------+-------+-------+-------+----------------------

Vault maps used:
D:1:      dpeg_arrival_houses_and_road, serial_forest, infiniplex_forest_end_1,
          infiniplex_forest_lined_room_3, infiniplex_forest_lined_3_way,
          infiniplex_forest_lined_2, infiniplex_forest_straight_3,
          infiniplex_forest_zigzag_1, infiniplex_forest_lined_3,
          minmay_misc_feat_pillars, minmay_lizard_king
D:2:      lemuel_round_altar, nrook_mini_vaults,
          nicolae_qazlal_style_of_elements, uniq_sigmund
D:3:      first_bread, portal_sewer_entry_f
D:4:      lemuel_coloured_pillars_altar, minmay_temple_entry_glass
D:5:      serial_shops, shop, minivault_19
D:6:      gammafunk_temple_overflow_forgotten
D:7:      gammafunk_temple_overflow_wave, serial_glass, glass_columns_b,
          glass_columns_c, glass_columns_c, glass_columns_b, glass_columns_c,
          glass_columns_b, glass_columns_a, glass_columns_c, glass_columns_c,
          glass_columns_c, glass_columns_b, glass_columns_a, glass_columns_a,
          glass_columns_b, serial_shops, nicolae_shop_trees
D:8:      due_lair_maze_entry_diamond
D:9:      hangedman_tree_tricks
D:10:     grunt_lair_entry_elf_guard_hut, serial_column_ruins,
          column_ruins_grid_4, column_ruins_grid_1,
          column_ruins_columns_straight
D:12:     david_orc_5
D:14:     erik_vaults_1, hangedman_abyss_or_decor_stagger, uniq_maud
D:15:     hangedman_depths_entry_civil_slaughter, special_room, basic_altar
Temple:   triangle_lava_temple_12
Lair:1:   disabler_island, uniq_erica
Lair:2:   serial_bayou_pond_d
Lair:3:   guppyfry_snake_entry_island, worms_lemuel,
          infiniplex_staircase_pool_2, grunt_megastairs_3, lemuel_fruit_tree
Lair:4:   elwin_shoals_entry_rooms, serial_bayou_shore_b
Lair:6:   gammafunk_lair_bear_cave
Lair:8:   minmay_lair_end_enchanted_forest, slime_altar_2, lookout_lair_type,
          st_stairs_5
Snake:1:  serial_bayou_lake_a, uniq_agnes
Snake:2:  special_room, uniq_vashnia, uniq_nikola
Orc:1:    serial_shops, shop, uniq_harold, uniq_maurice
Orc:3:    nicolae_orc_accident_2, serial_shops, shop, nicolae_orc_pool_cavern,
          uniq_urug, uniq_erolcha
Orc:4:    grunt_orc_gardens, grunt_orc_garden, grunt_orc_garden,
          grunt_orc_garden, grunt_orc_garden
Sewer:    kennysheep_pipe_town
